 Dungeon Crawl Stone Soup version 0.29-a0-234-g0dae59b3db (webtiles) character file.

Game seed: 797987135752945347

142 PaleWalker the Chopper (level 5, -1/47 HPs)
             Began as a Minotaur Berserker on Mar 2, 2022.
             Was a Believer of Trog.
             Succumbed to a water moccasin's poison
             ... in a sewer.
             The game lasted 00:03:45 (2091 turns).

PaleWalker the Chopper (Minotaur Berserker)         Turns: 2091, Time: 00:03:46

Health: -1/47      AC:  2    Str: 23    XL:     5   Next: 4%
Magic:  4/4        EV: 12    Int:  4    God:    Trog [**....]
Gold:   55         SH:  0    Dex: 10    Spells: 4/4 levels left

rFire   . . .      SeeInvis .   a - +0 hand axe
rCold   + . .      Faith    .   (no shield)
rNeg    . . .      Spirit   .   b - +0 animal skin
rPois   .          Reflect  .   (helmet restricted)
rElec   .          Harm     .   (no cloak)
rCorr   +          Rampage  .   (no gloves)
Will    .....                   (no boots)
Stlth   +.........              (no amulet)
HPRegen 0.15/turn               i - ring of resist corrosion
MPRegen 0.09/turn               j - ring of protection from cold

@: lethally poisoned (-1 -> -20)
A: horns 2, retaliatory headbutt
a: Renounce Religion, Berserk, Trog's Hand


You were in a sewer.
You worshipped Trog.
Trog was pleased with you.
You visited 1 branch of the dungeon, and saw 3 of its levels.
You also visited: Sewer.

You collected 55 gold pieces.

Inventory:

Hand Weapons
 a - a +0 hand axe (weapon)
Armour
 b - a +0 animal skin (worn)
Jewellery
 i - a ring of resist corrosion (left hand)
 j - a ring of protection from cold (right hand)
Scrolls
 c - 3 scrolls of enchant armour {unknown}
 e - 2 scrolls of amnesia {unknown}
 f - a scroll of magic mapping {unknown}
 l - a scroll of enchant weapon {unknown}
 n - a scroll of fear {unknown}
Potions
 d - 2 potions of curing {unknown}
 g - a potion of attraction {unknown}
 h - a potion of resistance {unknown}
 k - a potion of haste {unknown}
 m - a potion of might {unknown}


   Skills:
 + Level 4.9 Fighting
 * Level 6.1 Axes
 - Level 2.4 Armour
 - Level 2.1 Dodging


You had 4 spell levels left.
You didn't know any spells.
Your spell library was empty.

Dungeon Overview and Level Annotations

Branches:
Dungeon (3/15)              Sewer (1/1)

Altars:

Annotations:
D:3 Natasha


Innate Abilities, Weirdness & Mutations

You have a pair of horns on your head.
You reflexively headbutt those who attack you in melee.


Message History

Found 7 gold pieces.
The water moccasin closely misses you.
You slash the water moccasin!
The water moccasin is moderately wounded.
The water moccasin misses you. You furiously retaliate!
You headbutt the water moccasin. You miss the water moccasin.
The water moccasin is heavily wounded.
The water moccasin bites you!
You are poisoned.
The water moccasin poisons you! The water moccasin bites you!
You are more poisoned.
The water moccasin poisons you!
You closely miss the water moccasin.
Your headbutt misses the water moccasin.
The water moccasin is heavily wounded.
You feel extremely sick. The water moccasin closely misses you.
You slash the water moccasin!
The water moccasin is severely wounded.
You feel very sick.
The water moccasin completely misses you.
The water moccasin misses you.
You barely miss the water moccasin.
Your headbutt misses the water moccasin.
The water moccasin is severely wounded.
* * * LOW HITPOINT WARNING * * *
You feel very sick. The water moccasin bites you!
* * * LOW HITPOINT WARNING * * *
You are more poisoned.
The water moccasin poisons you!
You miss the water moccasin.
The water moccasin is severely wounded.
* * * LOW HITPOINT WARNING * * *
You feel very sick.
The water moccasin bites you but does no damage.
You closely miss the water moccasin.
The water moccasin is severely wounded.
You die...

#≈≈###.≈##
#.≈≈ #...#
#.≈# ##≈.#
#.. #≈.#
#. #..#
##.≈#
#...#
##..##
#@..#
#...S.##
#...≈≈#
##≈≈≈##
#.≈.#
≈#.#≈ ()#.
$ ##### #


You could see a water moccasin.

Vanquished Creatures
  An ogre (D:3)
  A river rat (D:3)
  2 worms (D:2)
  A dart slug (D:1)
  3 endoplasms
  3 giant cockroaches
  3 hobgoblins
  A jackal (Sewer)
  2 kobolds
  A quokka (D:2)
  7 ball pythons
  3 bats (D:2)
  6 frilled lizards
  3 goblins
  6 rats
43 creatures vanquished.

Notes
Turn   | Place    | Note
-------+----------+-------------------------------------------
     0 | D:1      | PaleWalker the Minotaur Berserker began the quest for the
                  | Orb.
     0 | D:1      | Reached XP level 1. HP: 19/19 MP: 0/0
    80 | D:1      | Found a faded altar of an unknown god.
   100 | D:1      | Reached skill level 4 in Axes
   220 | D:1      | Reached XP level 2. HP: 22/27 MP: 1/1
  1137 | D:2      | Reached XP level 3. HP: 30/33 MP: 2/2
  1504 | D:2      | Reached ** piety under Trog
  1699 | D:3      | Noticed Natasha
  1747 | D:3      | Reached skill level 5 in Axes
  1814 | D:3      | Noticed an ogre
  1821 | D:3      | Killed an ogre
  1822 | D:3      | Reached skill level 6 in Axes
  1822 | D:3      | Reached XP level 4. HP: 41/41 MP: 3/3
  1857 | D:3      | Found a glowing drain.
  1867 | D:3      | Reached XP level 5. HP: 43/47 MP: 4/4
  1868 | D:3      | Noticed a centaur
  1875 | Sewer    | Entered a sewer
  2082 | Sewer    | Noticed a water moccasin
  2091 | Sewer    | Succumbed to a water moccasin's poison

Illustrated notes

Levels and vault maps discovered:
D:1:      minmay_arrival_solitary_statue, layout_loops_ring,
          ebering_ecumenical_altar_rust, serial_bayou_pond_e
D:2:      layout_loops_ring
D:3:      layout_loops_ring, portal_sewer_entry_a, uniq_natasha, uniq_terence
Sewer:    sewer_the_moccasin

Skill      XL: |  1  2  3 |
---------------+----------+-----
Axes           | 4 6 |  6.1
Fighting       | 4 |  4.9
Armour         | |  2.4
Dodging        | |  2.1

Action                   |  1- 3 |  4- 6 || total
-------------------------+-------+-------++-------
Melee: Hand axe          |    75 |    17 ||    92
       Headbutt          |    14 |       ||    14
       Punch             |     1 |       ||     1
Invok: Berserk           |     1 |       ||     1
Armor: Animal skin       |     9 |     3 ||    12
Dodge: Dodged            |    42 |    11 ||    53

Table legend: (Time is in decaauts)
 A = Elapsed time spent in this place.
 B = Non-inter-level travel time spent in this place.
 C = Inter-level travel time spent in this place.
 D = Time resting spent in this place.
 E = Time spent auto-exploring this place.
 F = Levels seen in this place.
 G = Mean time per level.
                   A        B        C        D        E       F      G
               +--------+--------+--------+--------+--------+-----+--------+
         Total |   2111 |   2053 |     58 |    132 |   1522 |   4 |  527.8 |
       Dungeon |   1891 |   1833 |     58 |      0 |   1455 |   3 |  630.3 |
         Sewer |    220 |    220 |      0 |    132 |     67 |   1 |  220.0 |
               +--------+--------+--------+--------+--------+-----+--------+

Top non-repeatable levels by time:
     D:1: 876 daAuts
     D:2: 854 daAuts
   Sewer: 220 daAuts
     D:3: 161 daAuts
